 Dungeon Crawl Stone Soup version 0.17.1-2-g5865329 (webtiles) character file.

5352 kaze the Nimble (level 10, -3/102 HPs)
             Began as a Troll Berserker on Jan 28, 2016.
             Was a Believer of Trog.
             Killed by divine providence
             ... invoked by an orc priest
              (13 damage)
             ... on level 9 of the Dungeon.
             The game lasted 00:31:45 (5693 turns).

kaze the Nimble (Troll Berserker)                   Turns: 5693, Time: 00:31:45

Health: -3/102     AC:  9    Str: 32    XL:     10   Next: 38%
Magic:  0/9        EV: 13    Int:  5    God:    Trog [**....]
Gold:   12         SH:  0    Dex:  9    Spells: 0 memorised, 9 levels left

rFire  x . .     SeeInvis .     w - +0 dire flail
rCold  + . .     Clarity  .     q - +2 robe of Urchen {rN+ Str+2}
rNeg   + . .     SustAt   .     (shield currently unavailable)
rPois  .         Gourm    +     h - +1 hat
rElec  .         Spirit   +     x - +0 cloak
rCorr  .         Warding  .     (gloves unavailable)
rMut   .         Stasis   .     (boots unavailable)
MR     ++...                    c - amulet of guardian spirit
Stlth  +.........               (no ring)
                                l - ring of ice

@: regenerating, very resistant to hostile enchantments, very unstealthy
A: unfitting armour, claws 3, horns 1, clever 1, fast metabolism 3, gourmand,
mutation resistance 1, regeneration 2, shaggy fur 1, spit poison 1, tough skin 2
a: Spit Poison, Berserk, Trog's Hand, Burn Spellbooks, Renounce Religion


You were on level 9 of the Dungeon.
You worshipped Trog.
Trog was pleased with you.
You were full.

You visited 1 branch of the dungeon, and saw 9 of its levels.

You collected 12 gold pieces.

Inventory:

Hand Weapons
 w - a +0 dire flail (weapon)
Armour
 h - a +1 hat (worn)
 q - the +2 robe of Urchen (worn) {rN+ Str+2}
   (You found it on level 5 of the Dungeon)

   It affects your strength (+2).
   It protects you from negative energy.
 x - a +0 cloak (worn)
Jewellery
 c - an amulet of guardian spirit (around neck)
 l - a ring of ice (left claw)
Scrolls
 d - 2 scrolls of fear
 e - 5 scrolls of remove curse
 f - a scroll of fog {unknown}
 g - 2 scrolls of teleportation {unknown}
 i - a scroll of amnesia {unknown}
 j - 4 scrolls of recharging {unknown}
 m - 8 scrolls of identify {unknown}
 o - a scroll of enchant armour {unknown}
 p - a scroll of torment {unknown}
 r - a scroll of immolation {unknown}
 v - a scroll of magic mapping {unknown}
Potions
 a - a potion of flight {unknown}
 n - a potion of berserk rage {unknown}
 s - 2 potions of curing {unknown}
 t - a potion of brilliance {unknown}
Comestibles
 b - 2 bread rations


   Skills:
 + Level 7.2 Fighting
 + Level 4.9 Maces & Flails
 + Level 9.2 Dodging
 - Level 0.6 Stealth
 + Level 6.5 Unarmed Combat


You had 9 spell levels left.
You didn't know any spells.

Dungeon Overview and Level Annotations

Branches:
Dungeon (9/15)             Temple (0/1) D:4
   Lair: D:8-11         Orc: D:9-12

Altars:
Elyvilon
Zin

Shops:
D:5 :(*

Annotations:
D:4 Dowan
D:8 Maurice


Innate Abilities, Weirdness & Mutations

You are too large for most types of armour.
You have claws for hands.
Your metabolism is lightning-fast.
You like to eat raw meat.
You heal very quickly.
You are covered in fur (AC +1).
You have very tough skin (AC +2).
You have a pair of small horns on your head.
Your mind is acute. (Int +2)
You are somewhat resistant to further mutation.
You can spit weak poison.


Message History

Trog accepts your kill.
The orc priest moves out of view.
An orc priest comes into view.
The orc priest shouts!
You hit the slime creature but do no damage.
The slime creature hits you!!
* * * LOW HITPOINT WARNING * * *
An orc priest comes into view.
You hit the slime creature.
Your headbutt misses the slime creature.
The slime creature is lightly wounded.
Two slime creatures merge to form a large slime creature.
A centaur comes into view.
Two slime creatures merge to form a very large slime creature.
An orc comes into view. It is wielding a hand axe.
The orc shouts!
The very large slime creature barely misses you.
The orc priest mumbles some strange prayers to Beogh against you.
Something smites you!
You die...

#o c #. oo #o
#### o.. ##o
#.. ..# ..
#.##...#. #.
#.o....J.
#.#####o##...#.
#..(.@J.# ##
#######.#
♣#######.#
♣...%....#
♣#########


You could see a very large slime creature, 2 orc priests and an orc wizard
(wandering).

Vanquished Creatures
  Gastronok (D:9)
  Erolcha (D:8)
  A two-headed ogre (D:9)
  A slime creature (D:9)
  A wyvern (D:8)
  A hungry ghost (D:7)
  A hippogriff (D:7)
  A sky beast (D:5)
  Duvessa (D:4)
  A water moccasin (D:4)
  2 ice beasts
  2 orc warriors (D:7)
  A phantom (D:8)
  2 ogres
  A big kobold (D:7)
  2 centaurs
  A giant frog (D:8)
  A scorpion (D:3)
  6 killer bees (D:8)
  A crimson imp (D:7)
  A giant frog zombie (D:6)
  A centaur zombie (D:6)
  3 orc priests
  Ijyb (D:2)
  3 giant frog skeletons
  A hound (D:4)
  A jelly (D:8)
  An iguana (D:4)
  5 orc wizards
  Natasha (D:4)
  2 worker ants
  2 hound skeletons
  10 adders
  2 shadow imps
  An adder skeleton (D:6)
  2 worms (D:2)
  A giant gecko (D:3)
  19 orcs
  6 goblins
  7 hobgoblins
  15 jackals
  14 kobolds
  4 quokkas
  6 bats
  5 giant cockroaches
  A giant newt (D:4)
  7 rats
  3 plants (D:6)
154 creatures vanquished.

Vanquished Creatures (others)
  An orc (D:9)
1 creature vanquished.

Grand Total: 155 creatures vanquished

Notes
Turn   | Place    | Note
--------------------------------------------------------------
     0 | D:1      | kaze the Troll Berserker began the quest for the Orb.
     0 | D:1      | Reached XP level 1. HP: 22/22 MP: 0/0
   316 | D:1      | Reached XP level 2. HP: 29/29 MP: 1/1
   539 | D:2      | Reached XP level 3. HP: 32/36 MP: 2/2
   726 | D:2      | Reached ** piety under Trog
   967 | D:2      | Noticed Ijyb
   983 | D:2      | Killed Ijyb
   983 | D:2      | Reached XP level 4. HP: 38/45 MP: 3/3
  1191 | D:2      | Reached skill level 4 in Unarmed Combat
  1309 | D:3      | Reached XP level 5. HP: 29/53 MP: 1/4
  1732 | D:4      | Found a staircase to the Ecumenical Temple.
  1839 | D:4      | Noticed a water moccasin
  1852 | D:4      | Killed a water moccasin
  1852 | D:4      | Reached XP level 6. HP: 16/61 MP: 1/5
  2040 | D:4      | Noticed Duvessa
  2042 | D:4      | Noticed Dowan
  2072 | D:4      | Killed Duvessa
  2072 | D:4      | Reached skill level 5 in Unarmed Combat
  2096 | D:4      | Reached *** piety under Trog
  2294 | D:4      | Noticed Natasha
  2304 | D:4      | Killed Natasha
  2304 | D:4      | Reached XP level 7. HP: 61/68 MP: 3/6
  2322 | D:5      | Entered Level 5 of the Dungeon
  2377 | D:5      | Found Meosaocw's Assorted Antiques.
  2446 | D:5      | Reached skill level 5 in Dodging
  2551 | D:5      | Got an ominously black robe
  2562 | D:5      | Identified the +2 robe of Urchen {rN+ Str+2} (You found it on level 5 of the Dungeon)
  2590 | D:5      | Found Ablural's Book Shoppe.
  2830 | D:5      | Gained mutation: You have a pair of small horns on your head. [mutagenic meat]
  2831 | D:5      | Gained mutation: Your mind is acute. (Int +2) [mutagenic meat]
  2832 | D:5      | Gained mutation: You are somewhat resistant to further mutation. [mutagenic meat]
  2834 | D:5      | Gained mutation: You can spit weak poison. [mutagenic meat]
  2883 | D:5      | Found Beicsit's Weapon Shoppe.
  3191 | D:6      | Found a white marble altar of Elyvilon.
  3231 | D:6      | Reached XP level 8. HP: 63/79 MP: 5/7
  3789 | D:7      | Reached skill level 6 in Unarmed Combat
  3873 | D:7      | Reached skill level 5 in Fighting
  3954 | D:7      | Reached **** piety under Trog
  4145 | D:7      | Reached skill level 1 in Maces & Flails
  4510 | D:7      | Found a glowing silver altar of Zin.
  4739 | D:8      | Reached skill level 7 in Dodging
  4772 | D:8      | Noticed Maurice
  4821 | D:8      | Reached XP level 9. HP: 55/88 MP: 2/8
  4911 | D:8      | Noticed Erolcha
  4923 | D:8      | Killed Erolcha
  5250 | D:8      | Reached skill level 8 in Dodging
  5614 | D:9      | Noticed Gastronok
  5635 | D:9      | HP: 4/92 [Gastronok (5)]
  5636 | D:9      | Killed Gastronok
  5636 | D:9      | Reached skill level 9 in Dodging
  5636 | D:9      | Reached XP level 10. HP: 4/102 MP: 0/9
  5690 | D:9      | HP: 5/102 [slime creature (16)]
  5693 | D:9      | Killed from afar by an orc priest

Action                   |  1- 3 |  4- 6 |  7- 9 | 10-12 || total
-------------------------+-------+-------+-------+-------++-------
Melee: Unarmed           |    83 |   131 |   114 |       ||   328
       Dire flail        |       |       |   202 |    20 ||   222
Invok: Berserk           |       |     2 |    10 |       ||    12
       Trog's Hand       |       |     2 |     7 |     2 ||    11
       Burn Spellbooks   |       |       |     3 |       ||     3
 Abil: Spit Poison       |       |       |     1 |       ||     1
  Use: Scroll            |       |       |     2 |       ||     2
 Stab: Sleeping          |     1 |       |       |       ||     1
  Eat: Chunk             |     9 |    18 |    38 |       ||    65
       Pizza             |       |     1 |       |       ||     1
       Fruit             |       |       |     4 |       ||     4
       Meat ration       |       |       |     1 |       ||     1
       Beef jerky        |       |       |     1 |       ||     1
       Bread ration      |       |       |     2 |       ||     2
